 Dungeon Crawl Stone Soup version 0.30-a0-591-g3c58d2bc28 (webtiles) character file.

Game seed: 6175664805638195266

23 wormed the Insei (level 2, -2/27 HPs)
             Began as an Octopode Transmuter on Jan 4, 2023.
             Slain by Natasha (6 damage)
             ... on level 2 of the Dungeon.
             The game lasted 00:01:12 (701 turns).

wormed the Insei (Octopode Transmuter)               Turns: 701, Time: 00:01:13

Health: -2/27      AC: 21    Str:  9    XL:     2   Next: 95%
Magic:  4/5        EV:  2    Int: 15    God:
Gold:   28         SH:  0    Dex: 12    Spells: 2/5 levels left

rFire   . . .      SeeInvis .      - Unarmed
rCold   . . .      Faith    .    (no shield)
rNeg    . . .      Spirit   .    (helmet currently unavailable)
rPois   +          Reflect  .    (no amulet)
rElec   .          Harm     .    (no ring)
rCorr   .          Rampage  .    (no ring)
Will    .....      NoTele   +    (no ring)
Stlth   +                        (no ring)
HPRegen 0.24/turn                (no ring)
MPRegen 0.09/turn                (no ring)
                                 (no ring)
                                 (no ring)

@: tree-form, slowed, very slow
A: stationary, stasis, torment immunity, boosted hp, almost no armour,
(amphibious), 8 rings, (camouflage 1), (gelatinous body 1), (nimble swimmer 1),
(tentacles)
a: no special abilities


You were on level 2 of the Dungeon.
You were a tree.
You visited 1 branch of the dungeon, and saw 2 of its levels.

You collected 28 gold pieces.

Inventory:

Scrolls
 g - 2 scrolls of teleportation
Potions
 c - a potion of magic {unknown}
 d - a potion of degeneration {unknown}


   Skills:
 - Level 1.0 Fighting
 - Level 2.0 Dodging
 - Level 3.0 Unarmed Combat
 + Level 2.3 Spellcasting
 * Level 2.7 Transmutations
 + Level 1.0 Ice Magic


You had 2 spell levels left.
You knew the following spells:

 Your Spells              Type           Power      Damage    Failure   Level
a - Beastly Appendage     Tmut           20%        N/A       7%          1
b - Wereblood             Tmut           10%        N/A       11%         2

Your spell library contained the following spells:

 Spells                   Type           Power      Damage    Failure   Level
 Spider Form              Tmut/Pois      5%         N/A       36%         3
 Ice Form                 Ice/Tmut       7%         N/A       69%         4


Dungeon Overview and Level Annotations

Branches:
Dungeon (2/15)

Altars:

Annotations:
D:2 Natasha


Innate Abilities, Weirdness & Mutations

You are a tree.
Your roots penetrate the ground, keeping you stationary.
You cannot be teleported.
You are immune to unholy pain and torment.
Your maximum health is greatly increased.
You cannot wear most types of armour.
((You are amphibious.))
You can wear up to eight rings at the same time.
((Your skin changes colour to match your surroundings (Stealth+).))
((Your rubbery body absorbs attacks. (AC +1, EV +1)))
((You are camouflaged when in or above water. (Stealth+)))
((You have tentacles for arms and can constrict up to eight enemies at once.))


Message History

HP restored.
Your primal bloodlust is almost over.
Your primal bloodlust has ended.
c - a fizzy grey potion You see here a +0 dagger.
You now have 28 gold pieces (gained 11).
d - a glowing blue potion You open the large door.
Natasha, Servant of Life and Death comes into view.
Found a scroll labelled TOBANYFAKY and a scroll of magic mapping.
Natasha is nearby!
Natasha is nearby!
Natasha is nearby!
Natasha hisses angrily.
Natasha mumbles some strange words.
There is a large open door here.
A quokka comes into view.
Natasha casts a spell at you.
You feel yourself slow down. Natasha casts a spell at you.
The magic dart hits you. The white imp gestures at you.
The puff of frost hits you!
Ouch! That really hurt!
* * * LOW HITPOINT WARNING * * *
There is a large open door here.
You feel better.
Casting: Wereblood (safe; 11% risk of failure)
Confirm with . or Enter, or press ? or * to list all spells.
One of your tentacles grows a vicious spike.
The white imp shouts, "Remove thy stench, thou venomed beef-witted pimple!"
The white imp closely misses you. Natasha casts a spell at you.
The magic dart hits you!
* * * LOW HITPOINT WARNING * * *
Your tentacle spike disappears.
You turn into a tree.
Your roots penetrate the ground.
The white imp hits you but does no damage.
Natasha claws you.
You die...

###
##.....###.....#
..♣
##............#
r..♣
##....####...#
....♣ ##...#
#...# .....♣
##..## #...#
♣....♣ #...#
#...# ♣?...
#.### #####
♣....♣#.#
♣....5♣.####
♣?...h'....#
♣....♣#....#
♣.... #....#
♣....♣ #....#
.....♣ ######
....♣ ...♣


You could see Natasha and a white imp (summoned).

Vanquished Creatures
  2 dart slugs
  An endoplasm (D:1)
  A giant cockroach (D:1)
  A hobgoblin (D:2)
  3 jackals (D:1)
  2 quokkas (D:1)
  2 ball pythons (D:1)
  A bat (D:2)
  A frilled lizard (D:1)
  3 goblins
  A rat (D:2)
18 creatures vanquished.

Notes
Turn   | Place    | Note
-------+----------+-------------------------------------------
     0 | D:1      | wormed the Octopode Transmuter began the quest for the Orb.
     0 | D:1      | Reached XP level 1. HP: 13/13 MP: 3/3
   164 | D:1      | Reached XP level 2. HP: 15/18 MP: 3/5
   170 | D:1      | Learned a level 2 spell: Wereblood
   595 | D:2      | Reached skill level 1 in Ice Magic
   695 | D:2      | Noticed Natasha
   701 | D:2      | Slain by Natasha

Illustrated notes

Levels and vault maps discovered:
D:1:      minmay_arrival_diagonal_passages, layout_rooms
D:2:      layout_rooms, kennysheep_big_empty_room, minmay_cut_off, uniq_natasha

Skill      XL: |  1  2 |
---------------+-------+-----
Ice Magic      | 1 |  1.0
Fighting       | |  1.0
Dodging        | |  2.0
Unarmed Combat | |  3.0
Spellcasting   | |  2.3
Transmutations | |  2.7

Action                   || total
-------------------------++-------
Melee: Unarmed           ||    35
       Kick              ||    10
       Constrict         ||    13
       Tentacles         ||     5
 Cast: Beastly Appendage ||    12
       Wereblood         ||     7
  Use: Scroll            ||     5
       Potion            ||     2
 Stab: Sleeping          ||     1
Armor: Skin              ||     4
Dodge: Dodged            ||    24

Table legend: (Time is in decaauts)
 A = Elapsed time spent in this place.
 B = Non-inter-level travel time spent in this place.
 C = Inter-level travel time spent in this place.
 D = Time resting spent in this place.
 E = Time spent auto-exploring this place.
 F = Levels seen in this place.
 G = Mean time per level.
                   A        B        C        D        E       F      G
               +--------+--------+--------+--------+--------+-----+--------+
         Total |    700 |    694 |      6 |      0 |    564 |   2 |  350.0 |
       Dungeon |    700 |    694 |      6 |      0 |    564 |   2 |  350.0 |
               +--------+--------+--------+--------+--------+-----+--------+

Top non-repeatable levels by time:
     D:1: 561 daAuts
     D:2: 138 daAuts
